 Dungeon Crawl Stone Soup version 0.29.0-4-gdea44cf6ec (webtiles) character file.

Game seed: 13980277054952235680

18 qw the Firebug (level 2, -3/23 HPs)
             Began as a Ghoul Fire Elementalist on Aug 29, 2022.
             Slain by Sigmund
             ... wielding a +0 scythe
              (6 damage)
             ... on level 2 of the Dungeon.
             The game lasted 00:00:49 (1210 turns).

qw the Firebug (Ghoul Fire Elementalist)            Turns: 1210, Time: 00:00:49

Health: -3/23      AC:  3    Str: 17    XL:     2   Next: 66%
Magic:  3/3        EV: 11    Int: 10    God:
Gold:   71         SH:  0    Dex:  9    Spells: 3/4 levels left

rFire   . . .      SeeInvis .     - Unarmed
rCold   + . .      Faith    .   (no shield)
rNeg    + + +      Spirit   .   d - +0 leather armour
rPois   inf        Reflect  .   (no helmet)
rElec   .          Harm     .   (no cloak)
rCorr   .          Rampage  .   (no gloves)
Will    .....                   (no boots)
Stlth   +.........              (no amulet)
HPRegen 0.00/turn               e - +6 ring of strength
MPRegen 0.08/turn               (no ring)

@: inhibited regen
A: claws 1, cold resistance 1, negative energy resistance 3, inhibited
regeneration, torment resistance 2, devour on kill
a: no special abilities


You were on level 2 of the Dungeon.
You visited 1 branch of the dungeon, and saw 2 of its levels.

You collected 71 gold pieces.


Innate Abilities, Weirdness & Mutations

You are immune to poison.
You have sharp fingernails.
Your flesh is cold resistant. (rC+)
You are immune to negative energy. (rN+++)
You do not regenerate when monsters are visible.
You are immune to unholy pain and torment.
You thrive by killing the living.


   Skills:
 - Level 1.0 Fighting
 - Level 1.7 Dodging
 - Level 2.1 Stealth
 + Level 2.0 Unarmed Combat
 - Level 1.7 Spellcasting
 - Level 0.7 Conjurations
 - Level 2.4 Fire Magic


You had 3 spell levels left.
You knew the following spells:

 Your Spells              Type           Power      Damage    Failure   Level
a - Foxfire               Conj/Fire      16%        2x1d4     21%         1

Your spell library contained the following spells:

 Spells                   Type           Power      Damage    Failure   Level
 Scorch                   Fire           10%        2d6       22%         2
 Conjure Flame            Conj/Fire      4%         6-21      52%         3
 Inner Flame              Hex/Fire       3%         N/A       58%         3
 Flame Wave               Conj/Fire      4%         2d5       90%         4

Inventory:

Armour
 d - a +0 leather armour (worn)
Jewellery
 e - a +6 ring of strength (left claw)
Potions
 a - a potion of attraction {unknown}
 c - a potion of might {unknown}

Dungeon Overview and Level Annotations

Branches:
Dungeon (2/15)

Altars:

Annotations:
D:2 Sigmund


Message History

Sigmund closely misses you.
You scratch Sigmund.
Sigmund is severely wounded.
Sigmund casts a spell at you. The magic dart hits you!
You closely miss Sigmund.
Sigmund is severely wounded.
Sigmund drinks a potion.
Sigmund is healed!
You scratch Sigmund.
Sigmund is heavily wounded.
Sigmund gestures at you while chanting.
You are confused.
1202 ||| DRINKING potion of curing.
You feel better.
1202 ||| (to cure confusion) Sigmund closely misses you.
You closely miss Sigmund.
Sigmund is heavily wounded.
You closely miss Sigmund.
Sigmund is heavily wounded.
Sigmund hits you with a +0 scythe!
You scratch Sigmund but do no damage. You claw Sigmund!
Sigmund is severely wounded.
Sigmund casts a spell at you. The puff of flame misses you.
You scratch Sigmund but do no damage.
Sigmund is severely wounded.
Sigmund closely misses you.
You closely miss Sigmund.
Sigmund is severely wounded.
You barely miss Sigmund. Your claw misses Sigmund.
Sigmund is severely wounded.
Sigmund gestures wildly while chanting.
Sigmund flickers and vanishes!
Deactivating autopickup; reactivate with Ctrl-A.
You completely miss something. Something hits you!
Ouch! That really hurt!
You scratch something. Something hits you.
You die...

#.# #.# .#
#.# ##.##.#
#.###.#.#.#
#....###..#
#####.#.###
##.##
##...#
#.###.# #@#
[.. #{# ###
##. ##


There were no monsters in sight!

Vanquished Creatures
  2 bats (D:1)
  2 endoplasms (D:1)
  A giant cockroach (D:2)
  2 goblins
  2 hobgoblins (D:1)
  2 kobolds
  A quokka (D:2)
  3 ball pythons (D:1)
  A frilled lizard (D:1)
16 creatures vanquished.

Notes
Turn   | Place    | Note
-------+----------+-------------------------------------------
     0 | D:1      | qw the Ghoul Fire Elementalist began the quest for the Orb.
     0 | D:1      | Reached XP level 1. HP: 14/14 MP: 2/2
     0 | D:1      | 0 ||| qw: Version: 0.1-a-90-g952f4b7
     0 | D:1      | 0 ||| qw: Game counter: 4136
     0 | D:1      | 0 ||| qw: Always use a shield: true
     0 | D:1      | 0 ||| qw: God list: Okawaru
     0 | D:1      | 0 ||| qw: Allow faded altars: false
     0 | D:1      | 0 ||| qw: Do Orc after D:15 true
     0 | D:1      | 0 ||| qw: Do second Lair branch before Depths: true
     0 | D:1      | 0 ||| qw: Lair rune preference: random
     0 | D:1      | 0 ||| qw: Plans: Normal
     0 | D:1      | 0 ||| PLANNING D:1-11
   141 | D:1      | 141 ||| Stepping ~*~*~tactically~*~*~ (stealth).
   284 | D:1      | Found a faded altar of an unknown god.
   307 | D:1      | Reached skill level 1 in Unarmed Combat
   704 | D:1      | Reached skill level 1 in Fighting
   704 | D:1      | Reached XP level 2. HP: 22/23 MP: 3/3
  1093 | D:1      | 1093 ||| UPGRADING to +0 leather armour.
  1103 | D:1      | 1103 ||| DROPPING +0 robe.
  1104 | D:1      | 1104 ||| UPGRADING to +6 ring of strength.
  1105 | D:1      | 1105 ||| DROPPING ring of magical power.
  1106 | D:1      | 1106 ||| READING scroll labelled ZAOTRE JEEKLOB.
  1107 | D:1      | 1107 ||| READING scroll labelled EDAFIOSUEM.
  1108 | D:1      | 1108 ||| DROPPING potion of magic.
  1159 | D:2      | 1159 ||| Stepping ~*~*~tactically~*~*~ (stealth).
  1189 | D:2      | Noticed Sigmund
  1202 | D:2      | 1202 ||| DRINKING potion of curing.
  1202 | D:2      | 1202 ||| (to cure confusion)
  1209 | D:2      | HP: 3/23 [something (12)]
  1210 | D:2      | Slain by Sigmund

Levels and vault maps discovered:
D:1:      lemuel_arrival_rhombus, layout_loops_ring,
          shapermc_ecumenical_altar_mp_highgroup, minmay_misc_feat_room
D:2:      layout_loops_ring, serial_shops, nicolae_shop_hallway_plus,
          serial_bayou_pond_a, minmay_split_cup_large, uniq_crazy_yiuf_cottage,
          uniq_sigmund, uniq_terence

Skill      XL: |  1  2 |
---------------+-------+-----
Unarmed Combat | 1 2 |  2.0
Fighting       | 1 |  1.0
Dodging        | |  1.7
Stealth        | |  2.1
Spellcasting   | |  1.7
Conjurations   | |  0.7
Fire Magic     | |  2.4

Action                   || total
-------------------------++-------
Melee: Unarmed           ||    71
       Punch             ||     3
  Use: Scroll            ||     2
       Potion            ||     1
Armor: Robe              ||     9
       Leather armour    ||     1
Dodge: Dodged            ||    38

Table legend:
 A = Non-vault XP
 B = Vault XP
 C = Vault XP percentage of total XP
 D = Non-vault monster count
 E = Vault monster count
 F = Vault count percentage of total count
                 A         B        C        D         E       F
            +---------+---------+-------+---------+---------+-------
      Total |      26 |       0 |   0.0 |      16 |       0 |   0.0
            +---------+---------+-------+---------+---------+-------
        D:1 |      19 |       0 |   0.0 |      12 |       0 |   0.0
        D:2 |       7 |       0 |   0.0 |       4 |       0 |   0.0
            +---------+---------+-------+---------+---------+-------
